 Dungeon Crawl Stone Soup version 0.29-a0-551-gffc1d7fb78 (webtiles) character file.

Game seed: 8159407231426417252

8 shadowstone the Grave Robber (level 2, 0/15 HPs)
             Began as a Tengu Necromancer on June 5, 2022.
             Slain by a kobold
             ... wielding a +0 whip
              (4 damage)
             ... on level 2 of the Dungeon.
             The game lasted 00:02:42 (408 turns).

shadowstone the Grave Robber (Tengu Necromancer)     Turns: 408, Time: 00:02:43

Health: 0/15       AC: 10    Str:  8    XL:     2   Next: 8%
Magic:  6/6        EV:  0    Int: 15    God:
Gold:   21         SH:  0    Dex: 14    Spells: 4/5 levels left

rFire   . . .      SeeInvis .   (no weapon)
rCold   . . .      Faith    .   e - orb {mayhem}
rNeg    . . .      Spirit   .   d - +0 plate armour
rPois   .          Reflect  .   (helmet restricted)
rElec   .          Harm     .   (no cloak)
rCorr   .          Rampage  .   (no gloves)
Will    .....                   (boots unavailable)
Stlth   ..........              (no amulet)
HPRegen 0.05/turn               (no ring)
MPRegen 0.10/turn               (no ring)

@: no status effects
A: beak, talons 3
a: no special abilities


You were on level 2 of the Dungeon.
You visited 1 branch of the dungeon, and saw 2 of its levels.

You collected 21 gold pieces.

Inventory:

Armour
 a - a +0 robe
 d - a +0 plate armour (worn)
 e - an orb of mayhem (worn)
Scrolls
 c - a scroll of blinking {unknown}
Potions
 b - a potion of magic


   Skills:
 + Level 2.2 Dodging
 + Level 2.0 Stealth
 + Level 2.0 Spellcasting
 + Level 4.8 Necromancy


You had 4 spell levels left.
You knew the following spells:

 Your Spells              Type           Power      Damage    Failure   Level
a - Necrotize             Necr           60%        1d7       100%        1

Your spell library contained the following spells:

 Spells                   Type           Power      Damage    Failure   Level
 Vampiric Draining        Necr           15%        2d7       100%        3
 Animate Dead             Necr           15%        N/A       100%        4
 Agony                    Necr           15%        N/A       100%        5


Dungeon Overview and Level Annotations

Branches:
Dungeon (2/15)

Altars:


Innate Abilities, Weirdness & Mutations

You have a beak for a mouth.
You have claws for feet.


Message History

Keep equipping yourself? [Y]es or [N]o only, please.
Keep equipping yourself?
The kobold hits you with a +0 whip.
You start putting on your armour.
You continue putting on your orb of mayhem.
The ball python bites you but does no damage.
The ball python constricts you. The ball python bites you.
The ball python constricts you. The kobold hits you but does no damage.
You continue putting on your orb of mayhem.
The ball python bites you but does no damage.
The ball python constricts you. The kobold hits you but does no damage.
You continue putting on your orb of mayhem.
The ball python bites you but does no damage.
The ball python constricts you. The kobold hits you but does no damage.
You continue putting on your orb of mayhem.
The ball python bites you. The ball python constricts you.
The kobold hits you but does no damage.
You finish putting on your orb of mayhem.
You hit the ball python.
The ball python is severely wounded.
The ball python bites you.
* * * LOW HITPOINT WARNING * * *
The ball python constricts you. The kobold hits you but does no damage.
You closely miss the ball python. You claw the ball python.
You kill the ball python!
The kobold flies into a frenzy!
The kobold hits the kobold but does no damage.
The kobold hits you but does no damage.
The kobold closely misses the kobold.
The kobold throws a stone.
The stone hits you but does no damage.
The kobold barely misses the kobold.
The kobold closely misses the kobold.
The kobold throws a stone.
The stone hits you but does no damage.
A rat comes into view.
The kobold closely misses the kobold.
The kobold closely misses the kobold.
There is a faded altar of an unknown god here.
The kobold shouts!
The kobold hits you with a +0 whip.
You die...

..(.#.# #....##
### #####.#... ..#
........# #.#
...##.#.########.#
...........!.†...#
##.##.........K..#
#.####.#######K_#
... #.# #.@# ##.##
#.# #......... ..#
#.# #..####### ..#
#.# #.r# ..# ..#
#..# #... #...
#..#


You could see a kobold, a rat and a neutral kobold (fast, strong, insane,
distracted).

Vanquished Creatures
  A dart slug (D:1)
  A giant cockroach (D:1)
  A hobgoblin (D:1)
  A ball python (D:2)
  3 rats (D:1)
7 creatures vanquished.

Notes
Turn   | Place    | Note
-------+----------+-------------------------------------------
     0 | D:1      | shadowstone the Tengu Necromancer began the quest for the
                  | Orb.
     0 | D:1      | Reached XP level 1. HP: 10/10 MP: 4/4
   321 | D:1      | Reached XP level 2. HP: 14/15 MP: 6/6
   388 | D:2      | Found a faded altar of an unknown god.
   408 | D:2      | Slain by a kobold

Illustrated notes

Levels and vault maps discovered:
D:1:      matt_arrival_los_fun, layout_basic
D:2:      layout_loops_ring, basic_ecumenical_altar

Action                   || total
-------------------------++-------
Melee: Unarmed           ||    17
       Kick              ||     9
       Peck              ||     2
 Stab: Sleeping          ||     1
Armor: Robe              ||     1
       Plate armour      ||    15
Dodge: Dodged            ||     9

Table legend: (Time is in decaauts)
 A = Elapsed time spent in this place.
 B = Non-inter-level travel time spent in this place.
 C = Inter-level travel time spent in this place.
 D = Time resting spent in this place.
 E = Time spent auto-exploring this place.
 F = Levels seen in this place.
 G = Mean time per level.
                   A        B        C        D        E       F      G
               +--------+--------+--------+--------+--------+-----+--------+
         Total |    407 |    404 |      3 |      0 |      0 |   2 |  203.5 |
       Dungeon |    407 |    404 |      3 |      0 |      0 |   2 |  203.5 |
               +--------+--------+--------+--------+--------+-----+--------+

Top non-repeatable levels by time:
     D:1: 378 daAuts
     D:2: 29 daAuts
